 Dungeon Crawl Stone Soup version 0.18.1-1-g2f07953 (webtiles) character file.

3257 HenryFlower the Grappler (level 9, -2/80 HPs)
             Began as a Troll Berserker on May 7, 2016.
             Was an Elder of Trog.
             Killed by divine providence
             ... invoked by an orc priest
              (15 damage)
             ... on level 10 of the Dungeon.
             The game lasted 00:17:19 (6120 turns).

HenryFlower the Grappler (Troll Berserker)          Turns: 6120, Time: 00:17:20

Health: -2/80      AC: 10    Str: 32    XL:     9   Next: 67%
Magic:  8/8        EV: 10    Int:  4    God:    Trog [****..]
Gold:   349        SH:  0    Dex: 11    Spells: 0 memorised, 8 levels left

rFire  + . .     SeeInvis .       - Unarmed
rCold  + . .     Gourm    +     v - +2 robe {rF+}
rNeg   . . .     Faith    .     (no shield)
rPois  .         Spirit   .     (helmet restricted)
rElec  .         Dismiss  .     I - +2 cloak
rCorr  .         Reflect  .     (gloves unavailable)
SustAt .         Harm     .     (boots unavailable)
MR     ++...                    (no amulet)
Stlth  +.........               J - ring of flight
                                C - ring of protection from cold

@: mighty, very slightly contaminated, regenerating, very resistant to hostile
enchantments, very unstealthy
A: unfitting armour, claws 3, fast metabolism 3, gourmand, regeneration 2,
shaggy fur 1, tough skin 2
a: Berserk, Trog's Hand, Brothers in Arms, Burn Spellbooks, Renounce Religion,
Evoke Flight


You were on level 10 of the Dungeon.
You worshipped Trog.
Trog was greatly pleased with you.
You were completely stuffed.

You visited 1 branch of the dungeon, and saw 8 of its levels.
You also visited: Ossuary.

You collected 349 gold pieces.

Inventory:

Missiles
 e - 9 stones
 i - 6 tomahawks
 t - 5 exploding tomahawks
 y - 7 curare-tipped needles
 F - 3 poisoned tomahawks (quivered)
 H - 4 large rocks
Armour
 v - a +2 robe of fire resistance (worn)
 I - a +2 cloak (worn)
Jewellery
 C - a ring of protection from cold (left claw)
 J - a ring of flight (right claw)
Wands
 f - a wand of random effects (31/48)
 q - a wand of disintegration (13/24)
 s - a wand of lightning (13/15)
 B - a wand of polymorph (8/24)
 K - a wand of heal wounds (5/9)
Scrolls
 d - a scroll of blinking
 k - 2 scrolls of remove curse
 m - 3 scrolls of recharging
 r - 2 scrolls of magic mapping
 u - 4 scrolls of enchant weapon
Potions
 c - 9 potions of curing
 h - a potion of flight {unknown}
 l - 2 potions of might
 n - 2 potions of berserk rage {unknown}
 o - a potion of mutation {unknown}
 p - a potion of beneficial mutation {unknown}
 w - a potion of haste {unknown}
 D - 2 potions of degeneration {unknown}
 G - a potion of lignification {unknown}
Books
 x - a book of Misfortune

   Spells                             Type                      Level
   a - Confusing Touch                Hexes                        2
   b - Confuse                        Hexes                        3
   c - Gell's Gravitas                Hexes/Translocation          3
   d - Petrify                        Transmutation/Earth          4
   e - Metabolic Englaciation         Hexes/Ice                    5
   f - Yara's Violent Unravelling     Hexes/Transmutation          5
   Trog disapproves of the use of such an item.
Comestibles
 a - a beef jerky
 b - 10 bread rations
 g - 6 fruits
 j - a meat ration
 z - a slice of pizza
 E - 3 chunks of flesh


   Skills:
 - Level 2.4 Fighting
 + Level 6.9 Throwing
 - Level 2.4 Dodging
 * Level 11.5 Unarmed Combat


You had 8 spell levels left.
You didn't know any spells.

Dungeon Overview and Level Annotations

Branches:
Dungeon (7/15)             Temple (0/1) D:4             Orc (0/2) D:10

Altars:
Makhleb
Pakellas
Xom

Shops:
D:5 [


Innate Abilities, Weirdness & Mutations

You are too large for most types of armour.
You have claws for hands.
Your metabolism is lightning-fast.
You like to eat raw meat.
You heal very quickly.
You are covered in fur (AC +1).
You have very tough skin (AC +2).


Message History

You mangle the orc warrior!!
The orc warrior is severely wounded.
The orc closely misses you.
The orc warrior hits you with a short sword!
* * * LOW HITPOINT WARNING * * *
Unknown command.
You barely miss the orc warrior.
The orc warrior is severely wounded.
The orc hits you but does no damage. The orc warrior closely misses you.
Unknown command.
You mangle the orc!!
You kill the orc!
Trog accepts your kill.
Unknown command.
Your skin crawls.
You feel resistant to hostile enchantments.
You feel slightly less full.
The orc priest invokes the aid of Beogh against you.
Beogh smites you!
You die...

### ##
##.###8#######
#..o#...#@≈§≈#
........o#o§§≈#
..........o)o$>≈#
.oo.........o#.$≈≈#
.#...#...#...#.≈≈≈#
##8###.###.#######
## ### ###


You could see an orc warrior, an orc priest and an orc.

Vanquished Creatures
  Sigmund (D:5)
  Eustachio (D:6)
  A spriggan (D:7)
  Menkaure (D:6)
  Duvessa (D:4)
  A sky beast (D:5)
  5 orc warriors
  2 ogres
  2 phantoms
  4 centaurs
  Blork the orc (D:4)
  5 giant frogs
  Dowan (D:4)
  A scorpion (D:5)
  3 killer bees (D:7)
  A crimson imp (D:5)
  3 hounds
  Crazy Yiuf (D:6)
  A jelly (D:5)
  An orc priest (D:6)
  2 orc wizards
  Ijyb (D:3)
  An iguana (D:7)
  3 worker ants (D:5)
  6 big kobold zombies (Ossuary)
  A mummy (Ossuary)
  3 gnolls (D:6)
  9 adders
  A shadow imp (D:6)
  2 worms (D:4)
  2 dart slugs
  3 giant geckos
  20 orcs
  4 spectral bats (Ossuary)
  7 bats
  2 giant cockroaches (D:2)
  4 goblins
  7 hobgoblins
  2 jackals (D:2)
  7 kobolds
  3 quokkas
  2 ball pythons
  A bat simulacrum (Ossuary)
  A giant gecko skeleton (D:4)
  4 giant newts
  6 gnoll zombies (Ossuary)
  3 goblin simulacra (Ossuary)
  3 goblin zombies (Ossuary)
  3 hobgoblin zombies (Ossuary)
  4 kobold simulacra (Ossuary)
  9 kobold zombies (Ossuary)
  3 orc zombies (Ossuary)
  11 rats
  A rat simulacrum (Ossuary)
  3 spectral goblins (Ossuary)
  2 spectral kobolds (Ossuary)
  A spectral rat (Ossuary)
  3 fungi (D:6)
187 creatures vanquished.

Vanquished Creatures (others)
  A hydra (D:4)
  A scorpion (D:4)
  An adder (D:4)
  A giant gecko (D:4)
4 creatures vanquished.

Grand Total: 191 creatures vanquished

Notes
Turn   | Place    | Note
--------------------------------------------------------------
     0 | D:1      | HenryFlower the Troll Berserker began the quest for the Orb.
     0 | D:1      | Reached XP level 1. HP: 22/22 MP: 0/0
   203 | D:1      | Reached XP level 2. HP: 28/29 MP: 1/1
   451 | D:1      | Reached skill level 4 in Unarmed Combat
   489 | D:1      | Reached ** piety under Trog
   614 | D:2      | Found a faded altar to an unknown god.
   656 | D:2      | Reached XP level 3. HP: 32/36 MP: 2/2
   986 | D:2      | Reached skill level 1 in Throwing
  1557 | D:3      | Reached XP level 4. HP: 44/44 MP: 3/3
  1766 | D:3      | Noticed Ijyb
  1776 | D:3      | Killed Ijyb
  2157 | D:4      | Noticed a phantom
  2180 | D:4      | Killed a phantom
  2180 | D:4      | Reached skill level 5 in Unarmed Combat
  2180 | D:4      | Reached XP level 5. HP: 43/50 MP: 4/4
  2193 | D:4      | Found a shimmering altar of Xom.
  2301 | D:4      | Found a staircase to the Ecumenical Temple.
  2408 | D:4      | Noticed Duvessa
  2408 | D:4      | Noticed Dowan
  2411 | D:4      | Killed Duvessa
  2411 | D:4      | Reached skill level 6 in Unarmed Combat
  2411 | D:4      | Reached XP level 6. HP: 59/59 MP: 5/5
  2424 | D:4      | Killed Dowan
  2470 | D:4      | Found an oddly glowing altar of Pakellas.
  2470 | D:4      | Noticed a seven-headed hydra
  2479 | D:4      | Killed a seven-headed hydra
  2540 | D:4      | Noticed Blork the orc
  2553 | D:4      | Killed Blork the orc
  2553 | D:4      | Reached *** piety under Trog
  3018 | D:5      | Entered Level 5 of the Dungeon
  3038 | D:5      | Noticed Sigmund
  3053 | D:5      | Killed Sigmund
  3053 | D:5      | Reached skill level 7 in Unarmed Combat
  3053 | D:5      | Reached XP level 7. HP: 59/66 MP: 6/6
  3108 | D:5      | Found a sand-covered staircase.
  3119 | Ossuary  | Entered an ossuary
  3627 | D:5      | Found Taluth's Antique Armour Shop.
  3692 | D:5      | Reached skill level 8 in Unarmed Combat
  3861 | D:5      | Reached XP level 8. HP: 65/74 MP: 7/7
  4268 | D:6      | Reached skill level 5 in Throwing
  4300 | D:6      | Reached skill level 9 in Unarmed Combat
  4603 | D:6      | Noticed Eustachio
  4615 | D:6      | Killed Eustachio
  4615 | D:6      | Reached skill level 10 in Unarmed Combat
  4671 | D:6      | Noticed Crazy Yiuf
  4673 | D:6      | Killed Crazy Yiuf
  4839 | D:6      | Reached XP level 9. HP: 76/80 MP: 8/8
  4859 | D:6      | Noticed Menkaure
  4861 | D:6      | Killed Menkaure
  4927 | D:6      | Found a burning altar of Makhleb.
  5221 | D:7      | Reached **** piety under Trog
  5413 | D:7      | Received a gift from Trog
  5792 | D:7      | Reached skill level 11 in Unarmed Combat
  5799 | D:7      | Identified a scroll of acquirement
  6071 | D:7      | You fall through a shaft for 3 floors!
  6071 | D:10     | Entered Level 10 of the Dungeon
  6076 | D:10     | Found a staircase to the Orcish Mines.
  6108 | D:10     | Received a gift from Trog
  6120 | D:10     | Killed from afar by an orc priest

Skill      XL: |  1  2  3  4  5  6  7  8  9 |
---------------+----------------------------+-----
Unarmed Combat | 4 5 6 7 8 10 11 | 11.5
Throwing       | 1 2 3 4 5 6 |  6.9
Fighting       | |  2.4
Dodging        | |  2.4

Action                   |  1- 3 |  4- 6 |  7- 9 || total
-------------------------+-------+-------+-------++-------
Melee: Unarmed           |   111 |    76 |   373 ||   560
       Punch             |     3 |     1 |    13 ||    17
Throw: Stone             |     7 |     1 |       ||     8
       Tomahawk          |       |       |    12 ||    12
       Large rock        |       |       |     4 ||     4
Invok: Berserk           |       |     2 |     1 ||     3
       Trog's Hand       |       |       |     1 ||     1
Evoke: Wand              |       |     1 |       ||     1
  Use: Scroll            |       |     9 |    10 ||    19
       Potion            |       |       |     3 ||     3
 Stab: Sleeping          |     1 |       |     1 ||     2
  Eat: Chunk             |    20 |    15 |    30 ||    65
Armor: Animal skin       |    35 |    11 |       ||    46
       Robe              |       |     2 |   109 ||   111
Dodge: Dodged            |    65 |    25 |   148 ||   238
